 Dungeon Sprint DCSS version 0.31-a0-986-g5e6e4ef867 (webtiles) character file.

Game seed: 1812533905481912629

6 fozzywoppz the Sneak (level 1, -4/15 HPs)
             Began as an Octopode Brigand on Nov 16, 2023.
             Shot with an arrow by a centaur (5 damage)
             ... in the Dungeon (Sprint IX: "|||||||||||||||||||||||||||||").
             The game lasted 00:00:22 (20 turns).

fozzywoppz the Sneak (Octopode Brigand)               Turns: 20, Time: 00:00:23

Health: -4/15      AC:  1    Str: 10    XL:     1   Next: 90%
Magic:  1/1        EV: 13    Int: 13    God:
Gold:   0          SH:  0    Dex: 13    Spells: 0/0 levels left

rFire   . . .        a - +2 dagger
rCold   . . .        (no shield)
rNeg    . . .        (helmet restricted)
rPois   .            (no amulet)
rElec   .            (no ring)
rCorr   .            (no ring)
SInv    .            (no ring)
Will    .....        (no ring)
Stlth   ++++         (no ring)
HPRegen 0.22/turn    (no ring)
MPRegen 0.07/turn    (no ring)
                     (no ring)

%: no teleportation
@: no status effects
A: almost no armour, amphibious, 8 rings, camouflage 1, gelatinous body 1,
(nimble swimmer 1), tentacles
a: no special abilities


You were in the Dungeon.
You visited 1 branch

Inventory:

Hand Weapons
 a - a +2 dagger (weapon)
Missiles
 b - 8 poisoned darts (quivered)
 c - 3 curare-tipped darts
Scrolls
 i - a scroll of blinking
Potions
 d - a potion of curing
 e - a potion of heal wounds
 f - a potion of haste
 g - 2 potions of magic
 h - a potion of berserk rage


   Skills:
 + Level 2.5 Fighting
 + Level 2.5 Short Blades
 + Level 2.5 Throwing
 + Level 1.7 Dodging
 + Level 5.8 Stealth


You couldn't memorise any spells.
You didn't know any spells.
Your spell library was empty.

Dungeon Overview and Level Annotations

Branches:
Dungeon (1/1)

Altars:


Innate Abilities, Weirdness & Mutations

You cannot wear most types of armour.
You are amphibious.
You can wear up to eight rings at the same time.
Your skin changes colour to match your surroundings (Stealth+).
Your rubbery body absorbs attacks. (AC +1, EV +1)
((You are camouflaged when in or above water. (Stealth+)))
You have tentacles for arms and can constrict up to eight enemies at once.


Message History

You impale the rat!!
You kill the rat!
The goblin shouts!
You hit the goblin. You grab the goblin. You squeeze the goblin.
You kill the goblin!
The frilled lizard closely misses you.
Things that are here:
a +0 club; a rat corpse You hit the frilled lizard.
You kill the frilled lizard!
You hit the frilled lizard.
You kill the frilled lizard!
You see here a frilled lizard corpse.
You open the door.
A quokka, a centaur, an orc, a hound and a scorpion come into view.
The orc shouts!
The centaur shouts!
The quokka twitches its whiskers.
The hound barks!
You hit the quokka. You grab the quokka.
The quokka is moderately wounded.
You constrict the quokka, but do no damage.
The quokka bites you.
You hit the quokka. You squeeze the quokka.
The quokka is severely wounded.
You constrict the quokka. The quokka bites you.
You hit the quokka.
You kill the quokka!
The centaur wields a +0 orcbow.
The centaur shoots an arrow.
The arrow barely misses you.
Throw: 9 darts (poison)
Press: ? - help, Q - select action, (/) - cycle Shift-Dir - straight line, f - centaur
Aim: a centaur, wielding a +0 orcbow (68% to hit)
You throw a poisoned dart. The poisoned dart hits the centaur.
The centaur is poisoned.
The centaur shoots an arrow.
The arrow hits you!
Ouch! That really hurt!
* * * LOW HITPOINT WARNING * * *
You close the door, pushing everything out of the way.
A centaur opens the door.
The centaur shoots an arrow.
The arrow hits you.
You die... ▓▓▓▓▓▓▓▓▓▓▓▓▓▓▓▓▓▓ ▓<...'))†.@'cohs.+ ▓▓▓▓▓▓▓▓▓▓▓▓▓▓▓▓▓▓

You could see a centaur (poisoned), a scorpion, a hound and an orc.

Vanquished Creatures
  2 goblins (D)
  A quokka (D)
  2 frilled lizards (D)
  A rat (D)
6 creatures vanquished.

Notes
Turn   | Place    | Note
-------+----------+-------------------------------------------
     0 | D        | fozzywoppz the Octopode Brigand began the quest for the
                  | Orb.
     0 | D        | Reached XP level 1. HP: 14/14 MP: 1/1
    15 | D        | Noticed a centaur
    15 | D        | Noticed a hound
    15 | D        | Noticed a scorpion
    20 | D        | Shot with an arrow by a centaur

Illustrated notes

Levels and vault maps discovered:
D:        linesprint [early_d, line_temple, items_1, d_10, items_2, lair_1,
          lair_end, items_3, orc_1, orc_end, items_4, d_15, swamp_1, shoals_1,
          snake_1, spider_1, d_20, vaults_1, items_5, swamp_end, shoals_end,
          snake_end, spider_end, vaults_end, d_27, items_6, zot_1, zot_end,
          crypt_end, forest_end, elf_end, slime_end, tomb_end, abyss_end,
          pan_hell_end]

Action                     || total
---------------------------++-------
  Melee: Dagger            ||     8
         Constrict         ||     2
         Tentacles         ||     2
  Throw: Dart              ||     1
   Stab: Sleeping          ||     2
 Armour: Skin              ||     4
  Dodge: Dodged            ||     2

Table legend: (Time is in decaauts)
 A = Elapsed time spent in this place.
 B = Non-inter-level travel time spent in this place.
 C = Inter-level travel time spent in this place.
 D = Time resting spent in this place.
 E = Time spent auto-exploring this place.
 F = Levels seen in this place.
 G = Mean time per level.
                   A        B        C        D        E       F      G
               +--------+--------+--------+--------+--------+-----+--------+
         Total |     19 |     19 |      0 |      0 |      0 |   1 |   19.0 |
       Dungeon |     19 |     19 |      0 |      0 |      0 |   1 |   19.0 |
               +--------+--------+--------+--------+--------+-----+--------+

Top non-repeatable levels by time:
       D: 19 daAuts
